 Dungeon Crawl Stone Soup version 0.26.0-20-g3ca415f5b8 (webtiles) character file.

Game seed: 18100031652064427224

332 thiole the Sneak (level 6, 0/36 HPs)
             Began as an Octopode Hedge Wizard on Jan 24, 2021.
             Slain by a jackal skeleton (1 damage)
             ... on level 5 of the Dungeon.
             The game lasted 00:08:55 (3873 turns).

thiole the Sneak (Octopode Hedge Wizard)            Turns: 3873, Time: 00:08:55

Health: 0/36       AC:  2    Str:  9    XL:     6   Next: 52%
Magic:  6/12       EV: 10    Int: 19    God:
Gold:   185        SH:  7    Dex: 11    Spells: 5/13 levels left

rFire    . . .     SeeInvis .   a - +0 dagger
rCold    . . .     Faith    .   k - +0 kite shield
rNeg     . . .     Spirit   .   b - +1 hat
rPois    .         Reflect  .   (no amulet)
rElec    .         Harm     .   (no ring)
rCorr    .         Rampage  .   (no ring)
Will     .....                  (no ring)
Stlth    ++++......             (no ring)
HPRegen  0.12/turn              (no ring)
MPRegen  0.13/turn              (no ring)
                                (no ring)
                                (no ring)

@: no status effects
A: almost no armour, stealthy swim, amphibious, 8 rings, constrict 8, camouflage
1, gelatinous body 1
a: no special abilities


You were on level 5 of the Dungeon.
You visited 1 branch of the dungeon, and saw 5 of its levels.

You collected 185 gold pieces.

Inventory:

Hand Weapons
 a - a +0 dagger (weapon)
Armour
 b - a +1 hat (worn)
 k - a +0 kite shield (worn)
Wands
 j - a wand of enslavement (19)
Scrolls
 d - a scroll of teleportation
 e - 2 scrolls of random uselessness {unknown}
 f - a scroll of magic mapping
 h - 2 scrolls of enchant armour
 i - a scroll of immolation {unknown}
 l - a scroll of remove curse
 m - a scroll of blinking {unknown}
Potions
 c - a potion of flight


   Skills:
 - Level 2.0 Dodging
 + Level 5.0 Stealth
 * Level 1.5 Shields
 + Level 4.0 Spellcasting
 - Level 4.0 Conjurations
 - Level 2.0 Summonings
 - Level 1.0 Translocations


You had 5 spell levels left.
You knew the following spells:

 Your Spells              Type           Power        Failure   Level
a - Magic Dart            Conj           76%          16%         1
b - Call Imp              Summ           11%          45%         2
c - Slow                  Hex            3%           75%         2
d - Mephitic Cloud        Conj/Pois/Air  8%           80%         3

Your spell library contained the following spells:

 Spells                   Type           Power        Failure   Level
 Blink                    Tloc           N/A          61%         2
 Conjure Flame            Conj/Fire      11%          71%         3


Dungeon Overview and Level Annotations

Branches:
Dungeon (5/15)             Temple (0/1) D:5

Altars:
Dithmenos
Elyvilon
Fedhas
Hepliaklqana
Nemelex Xobeh
Qazlal
Uskayaw
Vehumet
Xom

Shops:
D:4 [   D:5 ?


Innate Abilities, Weirdness & Mutations

You cannot wear most types of armour.
You are very stealthy in the water. (Stealth+)
You are amphibious.
You can wear up to eight rings at the same time.
You can use your tentacles to constrict eight enemies at once.
Your skin changes colour to match your surroundings (Stealth+).
Your rubbery body absorbs attacks. (AC +1, EV +1)


Message History

Your crimson imp hits the jackal skeleton.
Your crimson imp hits the centaur but does no damage.
The jelly hits you but does no damage. The centaur hits you.
* * * LOW HITPOINT WARNING * * *
It was a potion of cancellation.
Your magical effects are unravelling.
You feel magically purged.
The sentinel's mark upon you fades away.
A worker ant comes into view.
The jackal skeleton bites your crimson imp but does no damage.
The centaur closely misses you.
Your crimson imp blinks!
Your crimson imp hits the centaur but does no damage.
The jelly closely misses you.
You hit the centaur.
The centaur is lightly wounded.
The centaur hits you.
* * * LOW HITPOINT WARNING * * *
The jackal skeleton bites you.
You die...

****** ,,,,,* ##### *,**,**
####...#####***********
,,,,,,***##....∩.∩...,,,,,,,,,^,*
***,,,,,,,..##.5..#***,,,,,,,**,*
****,,,,,,,..#.†.∩# *,,,.,,,*,,,
,,**,,**,**#.##.######....,,,*,,*
*,**,*##.###.##.5cB.......,,,,,,*
*,,,,,....B...OJ@#####....,,,<,,,
,*,*,*##.###r###Z# *,,,.,,,,***
,,**,* *,* #Z* #.# *,,,,,,,,* *
,,,,,***,* #.* #.# ********,***
,***,>,*,* #.* #.# *,,,, ,*
*,*,*,* #.* #.# ***,* ,* *,*,*,*
#.* #.# *,, ,* *,*,*,* #.* #.#
*** ,***,*,*,* *,* #.#


You could see an ogre, a centaur, a jelly, a worker ant, a quokka, a giant
cockroach, a jackal skeleton and 2 friendly crimson imps.

Vanquished Creatures
  A scorpion (D:4)
  A howler monkey (D:4)
  2 bullfrog skeletons (D:4)
  A worker ant (D:5)
  Robin (D:2)
  6 adders
  An adder skeleton (D:4)
  A worm (D:2)
  2 dart slugs (D:2)
  2 leopard geckos
  2 orcs (D:4)
  4 bats
  A giant cockroach (D:1)
  12 goblins
  7 hobgoblins
  12 jackals
  A quokka (D:3)
  A frilled lizard (D:1)
  5 kobolds
  A leopard gecko skeleton (D:4)
  A quokka skeleton (D:4)
  4 rats
69 creatures vanquished.

Vanquished Creatures (collateral kills)
  A hound (D:4)
1 creature vanquished.

Grand Total: 70 creatures vanquished

Notes
Turn   | Place    | Note
-------+----------+-------------------------------------------
     0 | D:1      | thiole the Octopode Hedge Wizard began the quest for the
                  | Orb.
     0 | D:1      | Reached XP level 1. HP: 11/11 MP: 4/4
   399 | D:1      | Reached skill level 3 in Stealth
   399 | D:1      | Reached XP level 2. HP: 17/17 MP: 1/6
   957 | D:1      | Learned a level 2 spell: Call Imp
   960 | D:1      | Learned a level 2 spell: Slow
  1017 | D:2      | Reached XP level 3. HP: 12/21 MP: 2/7
  1612 | D:2      | Found a shadowy altar of Dithmenos.
  1632 | D:2      | Found a stormy altar of Qazlal.
  1647 | D:2      | Found a hazy altar of Hepliaklqana.
  1659 | D:2      | Found a sparkling altar of Nemelex Xobeh.
  1692 | D:2      | Found a shimmering altar of Xom.
  1768 | D:2      | Noticed Robin
  1785 | D:2      | HP: 1/21 [hobgoblin[Robin] (7)]
  1787 | D:2      | Reached XP level 4. HP: 13/27 MP: 3/8
  1791 | D:2      | HP: 1/27 [Robin/+0 dagger (3)]
  1800 | D:2      | Killed Robin
  2312 | D:2      | Found a blossoming altar of Fedhas.
  2370 | D:2      | Found a hide-covered altar of Uskayaw.
  2370 | D:2      | Found a radiant altar of Vehumet.
  2561 | D:3      | You fall into a shaft and drop 1 floor!
  2567 | D:4      | Reached skill level 4 in Stealth
  2884 | D:4      | Reached XP level 5. HP: 25/31 MP: 1/10
  3166 | D:4      | Reached XP level 6. HP: 26/36 MP: 1/11
  3368 | D:4      | Found a white marble altar of Elyvilon.
  3385 | D:4      | Learned a level 3 spell: Mephitic Cloud
  3405 | D:4      | Found Ifoampis's Armour Shop.
  3606 | D:4      | Reached skill level 1 in Shields
  3840 | D:5      | Entered Level 5 of the Dungeon
  3848 | D:5      | Found Quner's Magic Scroll Emporium.
  3859 | D:5      | Reached skill level 5 in Stealth
  3873 | D:5      | HP: 1/36 [centaur (5)]
  3873 | D:5      | Slain by a jackal skeleton

Illustrated notes

Levels and vault maps discovered:
D:1:      minmay_arrival_radiant_lines, layout_basic, minmay_parallelograms
D:2:      layout_rooms, grunt_temple_overflow_open, nzn_hepliaklqana_mist_gate,
          grunt_dithmenos_smoke_and_mirrors, general_overflow_altar,
          gammafunk_temple_overflow_wave, uniq_robin
D:3:      cheibrodos_thug_alley, layout_basic
D:4:      layout_loops_ring, elyvilon_altar_3, serial_shops, shop,
          grunt_tough_drop
D:5:      layout_loops_ring, lemuel_zombie_altar_yredelemnul,
          minmay_temple_entry_gardened_gates, serial_shops,
          nicolae_shop_competitors_out_of_business,
          lightli_ossuary_entry_decrepit_ruins, corexii_corridor_pit

Skill      XL: |  1  2  3  4  5  6 |
---------------+-------------------+-----
Stealth        | 3 4 5 |  5.0
Conjurations   | 2 3 4 |  4.0
Summonings     | 2 |  2.0
Shields        | 1 |  1.5
Spellcasting   | 4 |  4.0
Dodging        | |  2.0
Translocations | |  1.0

Action                   |  1- 3 |  4- 6 || total
-------------------------+-------+-------++-------
Melee: Dagger            |    37 |    49 ||    86
       Constrict         |    13 |    10 ||    23
       Tentacles         |     4 |     7 ||    11
 Cast: Magic Dart        |    65 |    85 ||   150
       Call Imp          |       |     4 ||     4
  Use: Potion            |     3 |     7 ||    10
       Scroll            |       |     6 ||     6
 Stab: Sleeping          |     1 |       ||     1
       Invisible         |       |     1 ||     1
Armor: Skin              |     6 |     3 ||     9
Dodge: Dodged            |    37 |    45 ||    82
Block: Kite shield       |       |     8 ||     8
